 Dungeon Crawl Stone Soup version 0.19.0-2-gae57169 (webtiles) character file.

435 vev the Ducker (level 7, 0/42 HPs)
             Began as a Tengu Necromancer on Nov 6, 2016.
             Shot with an arrow by a centaur (10 damage)
             ... on level 5 of the Dungeon.
             The game lasted 00:09:20 (5191 turns).

vev the Ducker (Tengu Necromancer)                  Turns: 5191, Time: 00:09:21

Health: 0/42       AC:  7    Str: 10    XL:     7   Next: 0%
Magic:  11/11      EV: 12    Int: 15    God:
Gold:   192        SH:  0    Dex: 18    Spells: 2 memorised, 6 levels left

rFire  . . .     SeeInvis .     l - +0 dagger (venom)
rCold  . . .     Gourm    .     d - +0 ring mail
rNeg   . . .     Faith    .     (no shield)
rPois  .         Spirit   .     (helmet restricted)
rElec  .         Reflect  .     A - +0 cloak
rCorr  .         Harm     .     F - +0 pair of gloves
MR     +....                    (boots unavailable)
Stlth  ++........               (no amulet)
                                E - ring of protection from magic
                                y - +3 ring of dexterity

@: heavily drained
A: beak, talons 3, able to fly 1
a: Fly


You were on level 5 of the Dungeon.
You were not hungry.

You visited 1 branch of the dungeon, and saw 5 of its levels.

You collected 192 gold pieces.

Inventory:

Hand Weapons
 e - a +0 spear
 l - a +0 dagger of venom (weapon)
 u - a +1 flail of protection
Armour
 a - a +0 robe
 d - a +0 ring mail (worn)
 A - a +0 cloak (worn)
 F - a +0 pair of gloves (worn)
 G - +0 ice dragon scales
Jewellery
 k - an uncursed ring of fire
 y - a +3 ring of dexterity (left hand)
 E - a ring of protection from magic (right hand)
Wands
 C - a wand of enslavement (8/24)
 D - a wand of slowing (15/48)
Scrolls
 h - 3 scrolls of amnesia {unknown}
 i - 2 scrolls of magic mapping {unknown}
 p - a scroll of teleportation {unknown}
 r - a scroll of remove curse {unknown}
 s - a scroll of immolation {unknown}
 t - a scroll of recharging {unknown}
Potions
 f - a potion of heal wounds {unknown}
 m - 3 potions of curing
 n - a potion of haste {unknown}
 o - a potion of cure mutation {unknown}
 w - a potion of cancellation {unknown}
 z - 4 potions of lignification
 B - 3 potions of agility
Books
 b - a book of Necromancy

   Spells                             Type                      Level
   a - Pain                           Necromancy                   1
   b - Animate Skeleton               Necromancy                   1
   c - Vampiric Draining              Necromancy                   3
   d - Regeneration                   Charms/Necromancy            3
   e - Animate Dead                   Necromancy                   4
   f - Control Undead                 Necromancy                   4
Comestibles
 c - 4 bread rations
 g - a royal jelly
 j - a beef jerky
 q - 4 chunks of flesh
 v - a meat ration


   Skills:
 + Level 3.9(2.2) Fighting
 + Level 4.9(3.1) Dodging
 + Level 4.6(2.8) Stealth
 - Level 2.0(0.4) Spellcasting
 - Level 4.3(2.6) Necromancy


You had 6 spell levels left.
You knew the following spells:

 Your Spells              Type           Power        Failure   Level  Hunger
a - Pain                  Necr           #...         24%         1    ##.....
d - Vampiric Draining     Necr           #.........   77%         3    ####...


Dungeon Overview and Level Annotations

Branches:
Dungeon (5/15)
 Temple: D:4-7

Altars:
Nemelex Xobeh

Annotations:
D:4 MTVSty1e's ghost, amateur MiFi


Innate Abilities, Weirdness & Mutations

You have a beak for a mouth.
You have claws for feet.
You can fly.


Message History

The arrow hits you!
* * * LOW HITPOINT WARNING * * *
You see here 2 arrows.
The centaur shoots an arrow.
The arrow closely misses you.
The centaur unwields an uncursed shortbow.
The centaur hits you.
* * * LOW HITPOINT WARNING * * *
The centaur shoots an arrow.
The arrow closely misses you.
You closely miss the centaur. You peck the centaur.
The centaur is lightly wounded.
The centaur hits you.
* * * LOW HITPOINT WARNING * * *
The centaur shoots an arrow.
The arrow hits you.
* * * LOW HITPOINT WARNING * * *
Unknown command.
You hit the centaur.
The centaur is poisoned.
Your kick misses the centaur. Your peck misses the centaur.
The centaur is lightly wounded.
The centaur barely misses you.
The centaur shoots an arrow.
The arrow hits you!
You die... ## .≈≈P. ### #PP≈PPP.

#.## #.P≈PPP.# #..#
##P≈♣P≈... #.(##
#P≈≈≈.P #.## #.(.#
#P≈≈PP# #..###(#@##
PP≈♣≈≈####..(..(.c####
PP♣PP................#
♣♣≈≈..#########.#...##
≈≈≈P..# #........
♣≈PP..### ##..c....
≈≈≈##...### #......#


≈PP #.#...### ......# PPP##.###.".# ...... You could see 2 centaurs.

Vanquished Creatures
  2 ogres (D:4)
  A howler monkey (D:4)
  An orc priest (D:4)
  A worker ant (D:4)
  A worker ant zombie (D:4)
  4 gnolls (D:2)
  3 adders
  A shadow imp (D:5)
  An ooze (D:3)
  2 adder skeletons (D:4)
  4 worms
  2 dart slugs (D:2)
  3 leopard geckos
  3 ball pythons
  5 giant cockroaches
  2 goblins
  3 hobgoblins
  6 jackals
  3 quokkas
  9 bats
  3 frilled lizards
  9 kobolds
  6 rats
75 creatures vanquished.

Notes
Turn   | Place    | Note
-------+----------+-------------------------------------------
     0 | D:1      | vev the Tengu Necromancer began the quest for the Orb.
     0 | D:1      | Reached XP level 1. HP: 10/10 MP: 4/4
   113 | D:1      | Reached XP level 2. HP: 16/16 MP: 6/6
  1195 | D:2      | Reached skill level 1 in Fighting
  1195 | D:2      | Reached skill level 3 in Dodging
  1195 | D:2      | Reached XP level 3. HP: 12/20 MP: 7/7
  1341 | D:2      | Learned a level 3 spell: Vampiric Draining
  1495 | D:2      | HP: 1/20 [gnoll/club (7)]
  1804 | D:1      | Reached XP level 4. HP: 24/26 MP: 8/8
  2035 | D:2      | Reached skill level 2 in Fighting
  2263 | D:2      | Reached skill level 3 in Stealth
  3178 | D:3      | Gained mutation: You can fly. [Tengu growth]
  3178 | D:3      | Reached XP level 5. HP: 29/31 MP: 9/9
  3673 | D:3      | Found a sparkling altar of Nemelex Xobeh.
  3997 | D:4      | Noticed an ogre
  4201 | D:4      | Noticed an ogre
  4217 | D:4      | Noticed MTVSty1e's ghost (amateur MiFi)
  4258 | D:4      | Killed an ogre
  4258 | D:4      | Reached skill level 3 in Fighting
  4258 | D:4      | Reached skill level 4 in Dodging
  4258 | D:4      | Reached XP level 6. HP: 5/37 MP: 4/10
  4638 | D:4      | Reached skill level 4 in Stealth
  4881 | D:5      | Entered Level 5 of the Dungeon
  5118 | D:5      | Reached XP level 7. HP: 42/42 MP: 11/11
  5191 | D:5      | Shot with an arrow by a centaur

Skill      XL: |  1  2  3  4  5  6 |
---------------+-------------------+-----
Fighting       | 1 2 3 |  3.9
Dodging        | 3 4 |  4.9
Stealth        | 3 4 |  4.6
Spellcasting   | |  2.0
Necromancy     | |  4.3

Action                   |  1- 3 |  4- 6 |  7- 9 || total
-------------------------+-------+-------+-------++-------
Melee: Spear             |    45 |       |       ||    45
       Peck              |    10 |    34 |     1 ||    45
       Kick              |     9 |    49 |       ||    58
       Dagger            |    26 |   177 |     2 ||   205
 Cast: Pain              |     5 |     5 |       ||    10
 Abil: Fly               |       |     2 |       ||     2
  Use: Scroll            |       |     3 |       ||     3
 Stab: Sleeping          |     1 |     7 |       ||     8
  Eat: Chunk             |     2 |    10 |       ||    12
       Pizza             |       |     1 |       ||     1
Armor: Ring mail         |    20 |    44 |     2 ||    66
Dodge: Dodged            |    29 |    97 |     4 ||   130
